Map: Cactus Valley LE (Void)

Players

IIIIIIIIIIII - Winner!

  • Race: Protoss Protoss
  • League: Diamond
  • Spawn Location: 7:00

SilverHaze

  • Race: Zerg Zerg
  • League: Master
  • Spawn Location: 5:00

VOD

Have the link to the VOD?

Description

Time

  • Played on: April 12, 2017, 9:26 a.m.
  • Length: 9:09
Show
View Real Time Build Order
Export as new Build Order

IIIIIIIIIIII Protoss - Winner!

Build Orders: 1 Gate Expand, Zealot Archon, Dark Templar Rush 

Get SALT Encoding   

  12  0:01  Probe (Chrono Boost)  
  13  0:11  Probe (Chrono Boost)  
  14  0:20  Pylon  
  14  0:23  Probe (Chrono Boost)  
  15  0:38  Probe (Chrono Boost)  
  16  0:43  Gateway  
  16  0:49  Probe (Chrono Boost)  
  17  0:50  Assimilator  
  17  0:59  Probe (Chrono Boost)  
  18  1:10  Probe (Chrono Boost)  
  19  1:22  Nexus  
  19  1:33  Cybernetics Core  
  19  1:35  Probe (Chrono Boost)  
  20  1:40  Assimilator  
  20  1:47  Probe (Chrono Boost)  
  20  1:51  Pylon  
  21  1:58  Probe (Chrono Boost)  
  22  2:07  Adept  
  23  2:10  Probe (Chrono Boost)  
  23  2:14  Warp Gate  
  25  2:22  Probe (Chrono Boost)  
  26  2:36  Probe (Chrono Boost)  
  28  2:41  Mothership Core (Chrono Boost)  
  29  2:46  Stalker, Probe (Chrono Boost)  
  32  2:57  Probe (Chrono Boost)  
  33  3:01  Probe (Chrono Boost)  
  34  3:07  Twilight Council, Probe (Chrono Boost)  
  34  3:12  Probe (Chrono Boost)  
  36  3:18  Probe (Chrono Boost)  
  37  3:22  Probe (Chrono Boost)  
  38  3:28  Probe (Chrono Boost)  
  38  3:31  Robotics Facility  
  38  3:33  Probe (Chrono Boost)  
  40  3:39  Probe (Chrono Boost)  
  41  3:43  Probe (Chrono Boost)  
  41  3:46  Gateway x2  
  41  3:47  Gateway  
  42  3:49  Probe (Chrono Boost)  
  42  3:53  Pylon  
  42  3:54  Dark Shrine, Probe (Chrono Boost)  
  44  4:00  Probe (Chrono Boost)  
  45  4:03  Assimilator  
  45  4:05  Probe (Chrono Boost)  
  45  4:07  Assimilator  
  46  4:11  Probe (Chrono Boost)  
  46  4:16  Pylon, Probe (Chrono Boost)  
  48  4:17  Observer  
  48  4:22  Probe (Chrono Boost)  
  50  4:28  Probe (Chrono Boost)  
  51  4:32  Probe (Chrono Boost)  
  51  4:35  Warp Prism  
  52  4:40  Probe (Chrono Boost)  
  52  4:43  Probe (Chrono Boost)  
  56  4:52  Probe (Chrono Boost)  
  57  4:57  Nexus, Pylon  
  57  4:59  Pylon  
  57  5:03  Pylon  
  57  5:06  Immortal  
  57  5:07  Resonating Glaives  
  57  5:13  Pylon  
  61  5:23  Dark Templar x4  
  61  5:27  Probe (Chrono Boost)  
  71  5:28  Probe (Chrono Boost)  
  71  5:31  Archon x2  
  71  5:37  Probe (Chrono Boost)  
  71  5:40  Immortal, Probe (Chrono Boost)  
  77  6:05  Probe (Chrono Boost)  
  77  6:06  Sentry x3, Gateway  
  77  6:07  Probe (Chrono Boost)  
  77  6:08  Gateway  
  85  6:15  Gateway  
  85  6:16  Gateway  
  85  6:20  Immortal  
  89  6:31  Adept x3  
  89  6:32  Adept  
  97  6:48  Probe x2 (Chrono Boost)  
  97  6:50  Probe (Chrono Boost)  
  97  6:53  Pylon  
  97  6:54  Immortal, Pylon  
  100  6:56  Pylon x2  
  100  6:57  Pylon  
  100  6:58  Pylon  
  105  7:02  Probe (Chrono Boost)  
  105  7:05  Adept  
  105  7:06  Adept  
  109  7:14  Probe (Chrono Boost)  
  109  7:15  Probe (Chrono Boost)  
  111  7:17  Adept x5  
  111  7:18  Adept  
  123  7:26  Forge  
  123  7:27  Adept x2  
  127  7:43  Adept x6  
  117  8:06  Stalker x6  
  117  8:07  Stalker x2  
  101  8:37  Adept x8  
  113  8:57  Adept x7  
Show
View Real Time Build Order
Export as new Build Order

SilverHaze Zerg 

Build Orders: Hatch First 

Get SALT Encoding   

  12  0:06  Drone  
  13  0:08  Drone  
  14  0:19  Extractor, Drone  
  15  0:23  Overlord  
  15  0:41  Drone x2  
  17  0:52  Hatchery  
  17  0:57  Drone  
  17  1:09  Spawning Pool  
  16  1:12  Drone  
  16  1:16  Extractor  
  16  1:18  Drone  
  17  1:23  Drone  
  18  1:33  Drone  
  19  1:44  Overlord  
  19  1:56  Queen  
  19  1:57  Drone  
  22  2:04  Drone  
  22  2:05  Drone, Queen  
  26  2:15  Drone  
  27  2:16  Drone  
  27  2:19  Metabolic Boost  
  28  2:33  Hatchery  
  27  2:38  Zergling x4  
  27  2:40  Zergling x2  
  27  2:42  Drone  
  31  2:49  Queen  
  33  2:52  Drone  
  33  2:55  Drone  
  33  2:58  Drone  
  36  3:04  Overlord  
  36  3:16  Overlord  
  36  3:17  Roach Warren  
  35  3:24  Drone x4  
  35  3:25  Drone x2  
  41  3:33  Overlord, Drone  
  41  3:34  Drone  
  43  3:45  Drone x3  
  43  3:47  Extractor  
  45  3:50  Extractor, Spore Crawler  
  43  3:59  Drone  
  43  4:00  Drone x2  
  43  4:02  Spore Crawler  
  45  4:05  Drone x3, Spore Crawler  
  45  4:06  Drone x2  
  49  4:14  Drone x4  
  53  4:18  Drone  
  53  4:19  Drone x2  
  53  4:22  Drone  
  57  4:29  Lair  
  57  4:31  Extractor  
  55  4:33  Drone x2  
  57  4:43  Evolution Chamber  
  57  4:44  Overlord x2  
  56  4:47  Overlord  
  56  4:52  Overlord  
  56  4:57  Overlord  
  56  5:03  Roach x6  
  56  5:06  Roach x2  
  72  5:09  Roach  
  72  5:11  Roach  
  76  5:16  Zerg Missile Weapons Level 1  
  76  5:17  Roach  
  76  5:19  Drone x2  
  80  5:22  Roach  
  80  5:23  Drone  
  80  5:25  Drone  
  80  5:27  Ravager x2  
  86  5:32  Drone x4  
  86  5:34  Drone  
  91  5:38  Drone  
  91  5:40  Drone x3  
  95  5:43  Drone x2  
  95  6:00  Spire, Drone x2  
  95  6:01  Drone  
  95  6:02  Drone  
  98  6:07  Extractor x2  
  98  6:11  Hydralisk Den  
  95  6:14  Roach  
  95  6:15  Hatchery  
  96  6:23  Drone x2  
  96  6:24  Overlord x3  
  96  6:25  Overlord x3  
  98  6:32  Overlord x2  
  98  6:42  Queen  
  98  6:45  Overseer  
  100  6:48  Roach, Overseer  
  100  6:49  Roach x7  
  100  6:52  Ravager x2  
  100  6:53  Ravager x4  
  122  7:05  Drone x5  
  122  7:08  Overseer  
  127  7:11  Glial Reconstitution  
  127  7:14  Roach x2  
  131  7:20  Drone  
  131  7:21  Drone  
  133  7:24  Queen  
  133  7:29  Mutalisk x2  
  135  7:32  Mutalisk  
  141  7:40  Roach x4  
  141  7:41  Roach x2  
  153  7:47  Roach x4  
  153  7:50  Roach  
  163  7:57  Roach  
  163  7:58  Roach x5  
  160  8:01  Roach  
  160  8:03  Roach x2  
  148  8:06  Roach x2  
  148  8:07  Overlord x2, Roach  
  148  8:09  Zergling x4  
  152  8:13  Roach  
  152  8:18  Roach x2  
  136  8:23  Roach x2  
  136  8:25  Roach x3  
  136  8:26  Roach  
  130  8:28  Roach  
  130  8:34  Roach x2  
  117  8:37  Roach  
  117  8:39  Roach  
  115  8:43  Roach  
  115  8:44  Roach  
  115  8:47  Roach  
  105  8:50  Roach  
Tags
 
Add a new tag
Caveats
  • Supply blocks, unpowered buildings, or Contaminate may cause inaccurate times.
  • Supply counts are checked every 10 seconds.